 Dungeon Crawl Stone Soup version 0.32-a0-35-gd9ff480968 (webtiles) character file.

Game seed: 7451495594375530519

2168 Adrian566 the Grappler (level 9, -4/121 HPs)
             Began as a Troll Shapeshifter on Jan 22, 2024.
             Was an Initiate of Gozag.
             Slain by an ogre
             ... wielding a +0 giant club
              (21 damage)
             ... on level 6 of the Dungeon.
             The game lasted 00:07:07 (4415 turns).

Adrian566 the Grappler (Troll Shapeshifter)         Turns: 4415, Time: 00:07:07

Health: -4/121     AC: 24    Str: 28    XL:     9   Next: 10%
Magic:  8/8        EV:  1    Int:  6    God:    Gozag
Gold:   610        SH:  0    Dex:  9    Spells: 8/8 levels left

rFire   . .          .
                       - Unarmed
rCold   . . .        (no shield)
rNeg    . . .        a - melded +0 animal skin
rPois   +            (helmet currently unavailable)
rElec   .            (cloak currently unavailable)
rCorr   .            (gloves unavailable)
SInv    .            (boots unavailable)
Will    .....        n - amulet of the acrobat
Stlth   ++           (no ring)
HPRegen 1.20/turn    (no ring)
MPRegen 0.11/turn

%: acrobat
@: tree-form
A: stationary, stasis, torment immunity, boosted hp, large, unfitting armour,
(claws 3), regeneration 1, (shaggy fur 1), (tough skin 1)
a: Renounce Religion, Potion Petition, Call Merchant, Bribe Branch


You were on level 6 of the Dungeon.
You worshipped Gozag.
Gozag was pleased with you.
You were a tree.
You visited 1 branch of the dungeon, and saw 7 of its levels.

You collected 713 gold pieces.
You paid 103 gold pieces to Gozag.

Inventory:

Hand Weapons
 s - a +0 giant club
Missiles
 o - 4 throwing nets (quivered)
Armour
 a - a +0 animal skin (melded)
 w - a +0 cloak
Jewellery
 n - an amulet of the acrobat (around neck)
 q - a ring of magical power
Talismans
 c - a beast talisman (active)
 d - a flux talisman
Wands
 p - a wand of digging (1)
Scrolls
 g - 2 scrolls of immolation
 j - 2 scrolls of teleportation
 k - 2 scrolls of poison
 l - 2 scrolls of vulnerability
Potions
 b - a potion of lignification
 e - a potion of enlightenment
 f - 2 potions of attraction
 h - 2 potions of curing
 i - 5 potions of heal wounds {unknown}
 m - a potion of resistance {unknown}
 r - a potion of might {unknown}
 t - a potion of haste {unknown}
 v - a potion of cancellation {unknown}


   Skills:
 + Level 3.0 Fighting
 + Level 3.8 Dodging
 + Level 1.6 Stealth
 + Level 9.4 Unarmed Combat
 + Level 5.4 Shapeshifting


You had 8 spell levels left.
You didn't know any spells.
Your spell library contained the following spells:

 Spells                   Type           Power      Damage    Failure   Level
 Call Canine Familiar     Summ           0%         N/A       83%         3
 Sigil of Binding         Hex            0%         N/A       83%         3
 Summon Ice Beast         Ice/Summ       0%         N/A       83%         3
 Dimensional Bullseye     Hex/Tloc       0%         N/A       99%         4
 Passage of Golubria      Tloc           0%         N/A       99%         4
 Silence                  Hex/Air        0%         N/A       100%        5
 Summon Mana Viper        Hex/Summ       0%         N/A       100%        5
 Monstrous Menagerie      Summ           0%         N/A       100%        7
 Lehudib's Crystal Spear  Conj/Erth      0%         10d2      100%        8


Dungeon Overview and Level Annotations

Branches:
Dungeon (7/15)             Temple (0/1) D:6

Altars:
Gozag
Makhleb
Vehumet
Zin

Annotations:
D:6 2 transporters


Innate Abilities, Weirdness & Mutations

You are a tree.
Your roots penetrate the ground, keeping you stationary.
You cannot be teleported.
You are immune to unholy pain and torment.
Your maximum health is greatly increased.
Your equipment is partially melded.
You are too large for most types of armour.
((You have claws for hands.))
Your natural rate of healing is unusually fast.
((You are covered in fur. (AC +1)))
((You have tough skin. (AC +1)))


Message History

The gnoll is severely wounded.
You completely miss the gnoll. You claw the gnoll.
You kill the gnoll!
As you read the scroll of identify, it crumbles to dust.
f - 2 potions of attraction HP restored.
You now have 610 gold pieces (gained 6).
You see here a +0 flail.
Partly explored, unvisited transporter.
There is a stone staircase leading down here.
You climb downwards.
The gnoll is no longer moving quickly.
The gnoll bouda barks out a call to the hunt!
The gnolls pick up the pace!
The ice beast hits you. The ice beast freezes you! The ogre barely misses you.
The gnoll closely misses you. The ice beast hits you.
The ice beast freezes you!
There is a stone staircase leading up here.
The ice beast hits you but does no damage.
The gnoll hits you from afar with a +0 spear.
The ogre hits you with a +0 giant club!!
The gnoll hits you from afar with a +0 halberd!
* * * LOW HITPOINT WARNING * * *
The gnoll hits you but does no damage. The ice beast hits you.
* * * LOW HITPOINT WARNING * * *
The ice beast freezes you!
* * * LOW HITPOINT WARNING * * *
You climb upwards.
Level annotation: 2 transporters
There is a stone staircase leading down here.
Okay, then.
Your transformation has ended.
You turn into a tree.
Your +0 animal skin melds into your body.
Your roots penetrate the ground.
The ice beast hits you but does no damage. x2
It was a potion of curing.
You feel better.
The ice beast hits you but does no damage.
The ogre hits you with a +0 giant club!!
You die...
Your body crumbles into a pile of gold.

.....##[#~~SSS#..# #.#
...#.##.###+###..# #.#
####..#.#P.$.P#..# #.#
##.#.#8.©.8#..# #.#
#.#.#######..# #.#
#####.#..).©.....# #.#
#........#.......###'####
'.............#O.Y......#
#.....##.#######♣).....(#
#.....##.# #Y.......#
#....(##.# #........#
########.# ##.......# #.#
#.......# #.#
#####.......# #.#
#....#'#'###### #.#
#.##.#.#......#
#.####.#..#.######.#


You could see 2 ice beasts and an ogre.

Vanquished Creatures
  Eustachio (D:4)
  A water moccasin (D:6)
  An ice beast (D:6)
  An orc warrior (D:6)
  4 ogres
  4 bullfrogs (D:6)
  A necrophage (D:5)
  4 scorpions
  2 hounds
  Crazy Yiuf (D:6)
  A jelly (D:6)
  2 gnoll boudas (D:6)
  2 orc priests (D:5)
  3 iguanas
  2 orc wizards
  3 sleepcaps (D:5)
  A hound skeleton (D:5)
  18 gnolls
  11 adders
  A shadow imp (D:6)
  A white imp (D:6)
  2 ufetubi (D:6)
  2 dart slugs
  A ribbon worm (D:2)
  13 orcs
  2 bats
  4 endoplasms
  4 giant cockroaches
  7 goblins
  10 hobgoblins
  4 jackals (D:4)
  A quokka (D:2)
  4 ball pythons
  6 frilled lizards
  4 kobolds
  6 rats
135 creatures vanquished.

Notes
Turn   | Place    | Note
-------+----------+-------------------------------------------
     0 | D:1      | Adrian566 the Troll Shapeshifter began the quest for the
                  | Orb.
     0 | D:1      | Reached XP level 1. HP: 18/18 MP: 0/0
   219 | D:1      | Reached XP level 2. HP: 26/26 MP: 1/1
   829 | D:2      | Reached XP level 3. HP: 32/32 MP: 2/2
   994 | D:2      | Reached skill level 4 in Unarmed Combat
  1007 | D:2      | Reached XP level 4. HP: 40/40 MP: 3/3
  1934 | D:4      | Reached skill level 1 in Fighting
  1934 | D:4      | Reached XP level 5. HP: 48/48 MP: 4/4
  1946 | D:4      | Noticed Eustachio
  2028 | D:4      | Killed Eustachio
  2029 | D:4      | Reached skill level 5 in Unarmed Combat
  2029 | D:4      | Reached XP level 6. HP: 45/55 MP: 5/5
  2065 | D:4      | Reached skill level 6 in Unarmed Combat
  2185 | D:4      | Reached XP level 7. HP: 54/62 MP: 6/6
  2609 | D:4      | Found a radiant altar of Vehumet.
  2760 | D:5      | Entered Level 5 of the Dungeon
  2808 | D:5      | Found an opulent altar of Gozag.
  2816 | D:5      | Became a worshipper of Gozag Ym Sagoz the Greedy
  2965 | D:5      | Reached skill level 7 in Unarmed Combat
  3008 | D:5      | Reached skill level 1 in Stealth
  3049 | D:5      | Reached XP level 8. HP: 56/72 MP: 7/7
  3169 | D:5      | Found a burning altar of Makhleb.
  3189 | D:5      | Found a glowing silver altar of Zin.
  3353 | D:6      | Reached skill level 8 in Unarmed Combat
  3394 | D:6      | Found a transporter.
  3413 | D:6      | Reached skill level 5 in Shapeshifting
  3477 | D:6      | Found a staircase to the Ecumenical Temple.
  3794 | D:6      | Reached skill level 9 in Unarmed Combat
  3918 | D:6      | Reached XP level 9. HP: 79/80 MP: 8/8
  4035 | D:6      | Found a transporter.
  4291 | D:6      | Found a runed translucent door.
  4292 | D:6      | Noticed Crazy Yiuf
  4298 | D:6      | Killed Crazy Yiuf
  4415 | D:6      | Slain by an ogre

Illustrated notes

Levels and vault maps discovered:
D:1:      heliophobic_arrival_henge, layout_basic
D:2:      layout_loops_cross, serial_bayou_ford_a
D:3:      layout_loops_cross, st_stairs_8
D:4:      layout_loops_ring, mainiacjoe_overflow_alcove_2, st_stairs_1,
          kennysheep_generic_room_11, uniq_eustachio
D:5:      layout_basic, pdpol_temple_overflow_zin_treasury_gozag_greed,
          makhleb_blood_cavern_becter
D:6:      gammafunk_steamed_eel, layout_basic,
          minmay_temple_entry_statues_pillars, uniq_crazy_yiuf_cottage
D:7:      layout_rooms

Skill      XL: |  1  2  3  4  5  6  7  8  9 |
---------------+----------------------------+-----
Unarmed Combat | 4 5 6 7 9 |  9.4
Fighting       | 1 2 3 |  3.0
Dodging        | 2 3 |  3.8
Shapeshifting  | 4 5 |  5.4
Stealth        | 1 |  1.6

Action                     |  1- 3 |  4- 6 |  7- 9 || total
---------------------------+-------+-------+-------++-------
  Melee: Unarmed           |    57 |   118 |   182 ||   357
         Punch             |       |     5 |    14 ||    19
    Use: Scroll            |       |     7 |     3 ||    10
         Potion            |       |       |     2 ||     2
   Stab: Sleeping          |     1 |       |     2 ||     3
 Armour: Animal skin       |    27 |    79 |   100 ||   206
         Skin              |       |       |     4 ||     4
  Dodge: Dodged            |    17 |    42 |   119 ||   178
   Form: Beast             |     2 |       |       ||     2
                           |     1 |       |       ||     1

Table legend: (Time is in decaauts)
 A = Elapsed time spent in this place.
 B = Non-inter-level travel time spent in this place.
 C = Inter-level travel time spent in this place.
 D = Time resting spent in this place.
 E = Time spent auto-exploring this place.
 F = Levels seen in this place.
 G = Mean time per level.
                   A        B        C        D        E       F      G
               +--------+--------+--------+--------+--------+-----+--------+
         Total |   4375 |   4194 |    181 |      0 |   3355 |   7 |  625.0 |
       Dungeon |   4375 |   4194 |    181 |      0 |   3355 |   7 |  625.0 |
               +--------+--------+--------+--------+--------+-----+--------+

Top non-repeatable levels by time:
     D:6: 969 daAuts
     D:4: 794 daAuts
     D:1: 717 daAuts
     D:2: 623 daAuts
     D:5: 613 daAuts
     D:3: 607 daAuts
     D:7: 49 daAuts
